| TOP OF THE 1ST |
|
Roswell Invaders batting - Pitching for Portland Angels : LHP Randy Boutilier
|
|
Pitching: LHP Randy Boutilier
|
|
|
Batting: LHB Danny Salas
|
0-0: Swinging Strike 0-1: Fly out, F7 (Line Drive, 78M, EV 95.0 MPH)
|
|
Batting: RHB Hector Tabares
|
0-0: Called Strike 0-1: Ball 1-1: Called Strike 1-2: Ball 2-2: Foul Ball, location: 2F 2-2: Strikes out looking
|
|
Batting: RHB Cesar Rendon
|
0-0: Called Strike 0-1: Ball 1-1: Called Strike 1-2: Strikes out looking
|
| Top of the 1st over - 0 runs, 0 hits, 0 errors, 0 left on base; Roswell 0 - Portland 0 |
| BOTTOM OF THE 1ST |
|
Portland Angels batting - Pitching for Roswell Invaders : RHP Toshihiro Nagao
|
|
Pitching: RHP Toshihiro Nagao
|
|
|
Batting: RHB Aaron Bryant
|
0-0: Called Strike 0-1: Ball 1-1: Ground out 1-3 (Groundball, 13, EV 66.9 MPH)
|
|
Batting: RHB Rory Cobb
|
0-0: Called Strike 0-1: Ball 1-1: Ball 2-1: Ball 3-1: Base on Balls
|
|
Batting: SHB Adrian Orosco
|
0-0: Fly out, F8 (Line Drive, 89M, EV 97.5 MPH)
|
|
Batting: LHB Ramon Garduno
|
0-0: Foul Ball, location: 2F 0-1: Foul Ball, location: 2F 0-2: Ball 1-2: 2-RUN HOME RUN (Flyball, 78XD, EV 108.8 MPH), Distance : 403 ft
|
|
Batting: LHB Bill Girton
|
0-0: Ball 1-0: Ball 2-0: Foul Ball, location: 2F 2-1: Ball 3-1: Foul Ball, location: 2F 3-2: Base on Balls
|
|
Batting: SHB Danny Gelinas
|
0-0: Called Strike 0-1: Fly out, F9 (Flyball, 9, EV 91.2 MPH)
|
| Bottom of the 1st over - 2 runs, 1 hit, 0 errors, 1 left on base; Roswell 0 - Portland 2 |
| TOP OF THE 2ND |
|
Roswell Invaders batting - Pitching for Portland Angels : LHP Randy Boutilier
|
|
Batting: RHB Jimmy McIntosh
|
0-0: Ball 1-0: Ball 2-0: Ball 3-0: Called Strike 3-1: Base on Balls
|
|
Batting: LHB Falco van Koeveringe
|
0-0: Ball 1-0: Called Strike 1-1: Called Strike 1-2: Strikes out swinging
|
|
Batting: RHB John Ricketts
|
0-0: Ball 1-0: Called Strike 1-1: Called Strike 1-2: Ball 2-2: Ball 3-2: Fly out, F7 (Line Drive, 78D, EV 105.0 MPH)
|
|
Batting: LHB Angelo Lira
|
0-0: Ground out U3 (Groundball, 3, EV 109.4 MPH)
|
| Top of the 2nd over - 0 runs, 0 hits, 0 errors, 1 left on base; Roswell 0 - Portland 2 |
| BOTTOM OF THE 2ND |
|
Portland Angels batting - Pitching for Roswell Invaders : RHP Toshihiro Nagao
|
|
Batting: RHB Brendan Garoutte
|
0-0: Ball 1-0: Foul Ball, location: 2F 1-1: Ball 2-1: Foul Ball, location: 2F 2-2: Ball 3-2: Foul Ball, location: 2F 3-2: Base on Balls
|
|
Batting: RHB Carlos Gonzales
|
0-0: Called Strike 0-1: Foul Ball, location: 2F 0-2: Ball 1-2: Fly out, F8 (Flyball, 78M, EV 95.0 MPH)
|
|
Batting: RHB Mario Martinez
|
0-0: Ball 1-0: Foul Ball, location: 2F 1-1: Called Strike 1-2: Ball 2-2: Ball 3-2: Strikes out looking
|
|
Batting: RHB Aaron Bryant
|
0-0: Foul Ball, location: 2F 0-1: Ball 1-1: Fly out, F7 (Flyball, 7, EV 78.8 MPH)
|
| Bottom of the 2nd over - 0 runs, 0 hits, 0 errors, 1 left on base; Roswell 0 - Portland 2 |
| TOP OF THE 3RD |
|
Roswell Invaders batting - Pitching for Portland Angels : LHP Randy Boutilier
|
|
Batting: RHB Isaiah Hampton
|
0-0: Fly out, F8 (Flyball, 8LD, EV 78.1 MPH)
|
|
Batting: RHB Devon House
|
0-0: Called Strike 0-1: Swinging Strike 0-2: Strikes out swinging
|
|
Batting: LHB Danny Salas
|
0-0: Called Strike 0-1: Ball 1-1: SINGLE (Groundball, 34D, EV 94.4 MPH)
|
|
Batting: RHB Hector Tabares
|
0-0: Ball 1-0: Called Strike 1-1: Foul Ball, location: 2F 1-2: Strikes out looking
|
| Top of the 3rd over - 0 runs, 1 hit, 0 errors, 1 left on base; Roswell 0 - Portland 2 |
| BOTTOM OF THE 3RD |
|
Portland Angels batting - Pitching for Roswell Invaders : RHP Toshihiro Nagao
|
|
Batting: RHB Rory Cobb
|
0-0: Called Strike 0-1: Ball 1-1: Foul Ball, location: 2F 1-2: Ball 2-2: Strikes out swinging
|
|
Batting: SHB Adrian Orosco
|
0-0: Fly out, F6 (Popup, 6, EV 59.4 MPH)
|
|
Batting: LHB Ramon Garduno
|
0-0: Called Strike 0-1: Foul Ball, location: 2F 0-2: Foul Ball, location: 2F 0-2: Ball 1-2: Foul Ball, location: 2F 1-2: Strikes out swinging
|
| Bottom of the 3rd over - 0 runs, 0 hits, 0 errors, 0 left on base; Roswell 0 - Portland 2 |
| TOP OF THE 4TH |
|
Roswell Invaders batting - Pitching for Portland Angels : LHP Randy Boutilier
|
|
Batting: RHB Cesar Rendon
|
0-0: SINGLE (Line Drive, 34D, EV 96.2 MPH)
|
|
Batting: RHB Jimmy McIntosh
|
0-0: Ball 1-0: Ball 2-0: Ball 3-0: Called Strike 3-1: Fielders Choice at 2nd, 6-4 (Groundball, 56, EV 85.0 MPH)
|
|
Batting: LHB Falco van Koeveringe
|
0-0: Ball 1-0: Called Strike 1-1: Swinging Strike 1-2: Ball 2-2: Ball 3-2: Strikes out swinging
|
|
Batting: RHB John Ricketts
|
0-0: Swinging Strike 0-1: Called Strike 0-2: Ball 1-2: Ball 2-2: Foul Ball, location: 2F 2-2: Strikes out swinging
|
| Top of the 4th over - 0 runs, 1 hit, 0 errors, 1 left on base; Roswell 0 - Portland 2 |
| BOTTOM OF THE 4TH |
|
Portland Angels batting - Pitching for Roswell Invaders : RHP Toshihiro Nagao
|
|
Batting: LHB Bill Girton
|
0-0: Ball 1-0: Ground out 3-1 (Groundball, 34, EV 81.2 MPH)
|
|
Batting: SHB Danny Gelinas
|
0-0: Ball 1-0: Ground out 4-3 (Groundball, 4, EV 83.1 MPH)
|
|
Batting: RHB Brendan Garoutte
|
0-0: Foul Ball, location: 2F 0-1: SINGLE (Groundball, 34D, EV 95.6 MPH)
|
|
Batting: RHB Carlos Gonzales
|
0-0: Foul Ball, location: 2F 0-1: Foul Ball, location: 2F 0-2: Foul Ball, location: 2F 0-2: Ball 1-2: Fly out, F6 (Popup, 6M, EV 50.0 MPH)
|
| Bottom of the 4th over - 0 runs, 1 hit, 0 errors, 1 left on base; Roswell 0 - Portland 2 |
| TOP OF THE 5TH |
|
Roswell Invaders batting - Pitching for Portland Angels : LHP Randy Boutilier
|
|
Batting: LHB Angelo Lira
|
0-0: Called Strike 0-1: Ball 1-1: Ball 2-1: Foul Ball, location: 2F 2-2: Strikes out swinging
|
|
Batting: RHB Isaiah Hampton
|
0-0: Ball 1-0: Foul Ball, location: 2F 1-1: Ball 2-1: Foul Ball, location: 2F 2-2: Ground out 4-3 (Groundball, 4, EV 82.5 MPH)
|
|
Batting: RHB Devon House
|
0-0: Ball 1-0: Ball 2-0: Ball 3-0: Called Strike 3-1: Base on Balls
|
|
Batting: LHB Danny Salas
|
0-0: Called Strike 0-1: Foul Ball, location: 2F 0-2: SINGLE (Line Drive, 56D, EV 108.8 MPH) Devon House to second
|
|
Pitching: RHP Dan Myers
|
|
|
Batting: RHB Hector Tabares
|
0-0: Fly out, F8 (Flyball, 8RD, EV 80.6 MPH)
|
| Top of the 5th over - 0 runs, 1 hit, 0 errors, 2 left on base; Roswell 0 - Portland 2 |
| BOTTOM OF THE 5TH |
|
Portland Angels batting - Pitching for Roswell Invaders : RHP Toshihiro Nagao
|
|
Batting: RHB Mario Martinez
|
0-0: Called Strike 0-1: Hit by Pitch
|
|
Batting: RHB Aaron Bryant
|
0-0: Foul Ball, location: 2F 0-1: Ball 1-1: Called Strike 1-2: Fly out, F7 (Flyball, 7LD, EV 104.4 MPH)
|
|
Batting: RHB Rory Cobb
|
0-0: Ball 1-0: Foul Ball, location: 2F 1-1: Called Strike 1-2: Ball 2-2: Grounds into double play, 5-4-3 (Groundball, 15, EV 82.5 MPH)
|
| Bottom of the 5th over - 0 runs, 0 hits, 0 errors, 0 left on base; Roswell 0 - Portland 2 |
| TOP OF THE 6TH |
|
Roswell Invaders batting - Pitching for Portland Angels : RHP Dan Myers
|
|
Batting: RHB Cesar Rendon
|
0-0: Ground out 5-3 (Groundball, 56S, EV 79.4 MPH)
|
|
Batting: RHB Jimmy McIntosh
|
0-0: Ball 1-0: Fly out, F8 (Flyball, 8LS, EV 88.8 MPH)
|
|
Batting: LHB Falco van Koeveringe
|
0-0: Ball 1-0: Called Strike 1-1: SOLO HOME RUN (Flyball, 7LD, EV 93.1 MPH), Distance : 324 ft
|
|
Batting: RHB John Ricketts
|
0-0: Ball 1-0: Called Strike 1-1: Foul Ball, location: 2F 1-2: Foul Ball, location: 2F 1-2: Ball 2-2: Strikes out swinging
|
| Top of the 6th over - 1 run, 1 hit, 0 errors, 0 left on base; Roswell 1 - Portland 2 |
| BOTTOM OF THE 6TH |
|
Portland Angels batting - Pitching for Roswell Invaders : RHP Toshihiro Nagao
|
|
Batting: SHB Adrian Orosco
|
0-0: Ball 1-0: Ground out 4-3 (Groundball, 4M, EV 83.8 MPH)
|
|
Batting: LHB Ramon Garduno
|
0-0: DOUBLE (Flyball, 8RXD, EV 91.9 MPH)
|
|
Batting: LHB Bill Girton
|
0-0: Ground out 3-1 (Groundball, 34, EV 86.9 MPH) Ramon Garduno to third
|
|
Batting: SHB Danny Gelinas
|
0-0: Ball 1-0: Foul Ball, location: 2F 1-1: Ball 2-1: 2-RUN HOME RUN (Flyball, 9D, EV 92.5 MPH), Distance : 342 ft
|
|
Batting: RHB Brendan Garoutte
|
0-0: Fly out, F7 (Flyball, 78M, EV 93.1 MPH)
|
| Bottom of the 6th over - 2 runs, 2 hits, 0 errors, 0 left on base; Roswell 1 - Portland 4 |
| TOP OF THE 7TH |
|
Roswell Invaders batting - Pitching for Portland Angels : RHP Dan Myers
|
|
Batting: LHB Angelo Lira
|
0-0: Called Strike 0-1: SINGLE (Line Drive, 7LS, EV 113.1 MPH)
|
|
Pinch Hitting: RHB Carlos Gonzalez
|
0-0: Called Strike 0-1: Ball 1-1: Called Strike 1-2: Fielders Choice at 2nd, 4-6 (Groundball, 34, EV 90.6 MPH)
|
|
Pinch Hitting: RHB Jose Cuellar
|
0-0: Called Strike 0-1: Fly out, F9 (Flyball, 9LM, EV 89.4 MPH)
|
|
Batting: LHB Danny Salas
|
0-0: Ball 1-0: Foul Ball, location: 2F 1-1: Ball 2-1: Ball 3-1: Foul Ball, location: 2F 3-2: Base on Balls Carlos Gonzalez to second
|
|
Batting: RHB Hector Tabares
|
0-0: Ball 1-0: Ball 2-0: Ball 3-0: Called Strike 3-1: SINGLE (Groundball, 56D, EV 98.1 MPH) Carlos Gonzalez to third Danny Salas to second Runner from 3rd tries for Home, SAFE, throw by LF to home
|
|
Batting: RHB Cesar Rendon
|
0-0: Ball 1-0: Fielders Choice at 2nd, 5-4 (Groundball, 56D, EV 105.0 MPH)
|
| Top of the 7th over - 1 run, 2 hits, 0 errors, 2 left on base; Roswell 2 - Portland 4 |
| BOTTOM OF THE 7TH |
|
Portland Angels batting - Pitching for Roswell Invaders : RHP Toshihiro Nagao
|
|
Now at 1B: Jose Cuellar
|
|
|
Now at 3B: Carlos Gonzalez
|
|
|
Batting: RHB Carlos Gonzales
|
0-0: Ground out 4-3 (Groundball, 4, EV 85.6 MPH)
|
|
Batting: RHB Mario Martinez
|
0-0: Swinging Strike 0-1: Ground out 6-3 (Groundball, 6, EV 99.4 MPH)
|
|
Batting: RHB Aaron Bryant
|
0-0: Ball 1-0: Swinging Strike 1-1: Fly out, F8 (Flyball, 8LM, EV 78.1 MPH)
|
| Bottom of the 7th over - 0 runs, 0 hits, 0 errors, 0 left on base; Roswell 2 - Portland 4 |
| TOP OF THE 8TH |
|
Roswell Invaders batting - Pitching for Portland Angels : RHP Dan Myers
|
|
Batting: RHB Jimmy McIntosh
|
0-0: Called Strike 0-1: Called Strike 0-2: Ball 1-2: Foul Ball, location: 2F 1-2: Foul Ball, location: 2F 1-2: Ball 2-2: Ball 3-2: Foul Ball, location: 2F 3-2: Foul Ball, location: 2F 3-2: Base on Balls
|
|
Batting: LHB Falco van Koeveringe
|
0-0: Called Strike 0-1: Hit by Pitch Jimmy McIntosh to second
|
|
Batting: RHB John Ricketts
|
Balk! Jimmy McIntosh to third Falco van Koeveringe to second 0-0: Swinging Strike 0-1: Swinging Strike Balk! Jimmy McIntosh scores Falco van Koeveringe to third 0-2: Strikes out swinging
|
|
Batting: LHB Angelo Lira
|
0-0: Ball 1-0: Ball 2-0: Ball 3-0: Called Strike 3-1: Base on Balls
|
|
Batting: RHB Carlos Gonzalez
|
0-0: Fly out, F9 (Flyball, 9D, EV 104.4 MPH) Runner from 3rd tags up, OUT at HOME! 9-2
|
| Top of the 8th over - 1 run, 0 hits, 0 errors, 1 left on base; Roswell 3 - Portland 4 |
| BOTTOM OF THE 8TH |
|
Portland Angels batting - Pitching for Roswell Invaders : RHP Toshihiro Nagao
|
|
Batting: RHB Rory Cobb
|
0-0: Called Strike 0-1: Ball 1-1: Ball 2-1: Foul Ball, location: 2F 2-2: Foul Ball, location: 2F 2-2: Foul Ball, location: 2F 2-2: Ball 3-2: Foul Ball, location: 2F 3-2: Base on Balls
|
|
Batting: SHB Adrian Orosco
|
0-0: Ball 1-0: 2-RUN HOME RUN (Flyball, 9D, EV 93.1 MPH), Distance : 354 ft
|
|
Pitching: LHP Liu-liang Zhu
|
|
|
Pinch Hitting: RHB Daniel Molina
|
0-0: Ball 1-0: Ball 2-0: Ball 3-0: Called Strike 3-1: Foul Ball, location: 2F 3-2: Foul Ball, location: 2F 3-2: Strikes out swinging
|
|
Batting: LHB Bill Girton
|
0-0: Foul Ball, location: 2F 0-1: Ball 1-1: Foul Ball, location: 2F 1-2: Ball 2-2: SINGLE (Groundball, 56S, EV 75.6 MPH) (infield hit)
|
|
Batting: SHB Danny Gelinas
|
0-0: Ball 1-0: Foul Ball, location: 2F 1-1: Foul Ball, location: 2F 1-2: Strikes out swinging
|
|
Batting: RHB Brendan Garoutte
|
0-0: Foul Ball, location: 2F 0-1: Swinging Strike 0-2: Strikes out swinging
|
| Bottom of the 8th over - 2 runs, 2 hits, 0 errors, 1 left on base; Roswell 3 - Portland 6 |
| TOP OF THE 9TH |
|
Roswell Invaders batting - Pitching for Portland Angels : RHP Dan Myers
|
|
Now at 1B: Arnaud Derosiers
|
|
|
Pinch Hitting: RHB David Powell
|
0-0: Ball 1-0: Called Strike 1-1: Ball 2-1: Foul Ball, location: 2F 2-2: Strikes out swinging
|
|
Batting: LHB Danny Salas
|
0-0: Called Strike 0-1: Foul Ball, location: 2F 0-2: Fly out, F7 (Flyball, 7LS, EV 86.9 MPH)
|
|
Pitching: RHP Noah Pena
|
|
|
Batting: RHB Hector Tabares
|
0-0: Ball 1-0: Called Strike 1-1: Ball 2-1: Foul Ball, location: 2F 2-2: Foul Ball, location: 2F 2-2: SINGLE (Flyball, 5D, EV 95.0 MPH)
|
|
Batting: RHB Cesar Rendon
|
0-0: Called Strike 0-1: Ball 1-1: Ball 2-1: Called Strike 2-2: Foul Ball, location: 2F 2-2: Foul Ball, location: 2F 2-2: Ball 3-2: Foul Ball, location: 2F 3-2: Foul Ball, location: 2F 3-2: Ground out 4-3 (Groundball, 4, EV 83.8 MPH)
|
| Top of the 9th over - 0 runs, 1 hit, 0 errors, 1 left on base; Roswell 3 - Portland 6 |
|